 Dungeon Crawl Stone Soup version 0.18.1-50-g88ac8fd (webtiles) character file.

60 Ilten the Ducker (level 3, 0/27 HPs)
             Began as a Demonspawn Gladiator on Apr 1, 2017.
             Was an Initiate of Nemelex Xobeh.
             Slain by Terence
             ... wielding a +0 mace
              (5 damage)
             ... on level 2 of the Dungeon on Apr 2, 2017.
             The game lasted 00:18:38 (1722 turns).

Ilten the Ducker (Demonspawn Gladiator)             Turns: 1722, Time: 00:18:39

Health: 0/27       AC:  4    Str: 15    XL:     3   Next: 82%
Magic:  3/3        EV: 13    Int:  9    God:    Nemelex Xobeh [......]
Gold:   135        SH:  0    Dex: 14    Spells: 0 memorised, 2 levels left

rFire  . . .     SeeInvis .     e - +3 dagger
rCold  + . .     Gourm    .     b - +0 leather armour
rNeg   . . .     Faith    .     (no shield)
rPois  .         Spirit   .     c - +0 helmet
rElec  .         Dismiss  .     (no cloak)
rCorr  .         Reflect  .     (no gloves)
SustAt .         Harm     .     (no boots)
MR     .....                    (no amulet)
Stlth  +.........               (no ring)
                                m - ring of protection from cold

@: not resistant to hostile enchantments, very unstealthy
A: claws 1
a: Renounce Religion


You were on level 2 of the Dungeon.
You worshipped Nemelex Xobeh.
Nemelex Xobeh was noncommittal.
You were not hungry.

You visited 1 branch of the dungeon, and saw 2 of its levels.

You collected 135 gold pieces.

Inventory:

Hand Weapons
 a - a +0 long sword
 e - a +3 dagger (weapon)
 h - a +0 spear
Armour
 b - a +0 leather armour (worn)
 c - a +0 helmet (worn)
 n - a +0 chain mail
Jewellery
 m - a ring of protection from cold (left claw)
Wands
 u - a wand of iceblast (5/15)
Scrolls
 i - a scroll of remove curse {unknown}
 j - 2 scrolls of amnesia {unknown}
 k - 3 scrolls of identify
 o - 2 scrolls of fear {unknown}
 t - a scroll of recharging {unknown}
Potions
 g - 2 potions of flight
 p - a potion of cancellation {unknown}
 q - a potion of lignification {unknown}
Miscellaneous
 l - an ornate deck of escape
 r - a plain deck of destruction
Comestibles
 f - a bread ration


   Skills:
 - Level 2.0 Fighting
 - Level 2.9 Long Blades
 + Level 2.1 Throwing
 * Level 1.4 Armour
 * Level 3.5 Dodging


You had 2 spell levels left.
You didn't know any spells.

Dungeon Overview and Level Annotations

Branches:
Dungeon (2/15)

Altars:
Nemelex Xobeh

Annotations:
D:2 Terence


Innate Abilities, Weirdness & Mutations

You have sharp fingernails.


Message History

You hit Terence but do no damage.
Terence is moderately wounded.
Terence hits you with a mace.
You hit Terence but do no damage.
Terence is moderately wounded.
You hit Terence.
Terence is moderately wounded.
Terence hits you with a mace.
* * * LOW HITPOINT WARNING * * *
You hit Terence but do no damage.
Terence is moderately wounded.
Terence barely misses you.
You hit Terence.
Terence is heavily wounded.
Terence hits you with a mace.
* * * LOW HITPOINT WARNING * * *
Terence shouts, "Now you die!" Terence hits you with a mace.
You die...
Your body disappears without a glow.

..........#..............##.#.###
.รท...#....#..............##.#.#..
.........................##.#.#.#
.....#........#).........##.#....
..............##########.##.###..
.####.........#........#.##......
.......................#.########
####.##................#.........
.#..............@......##########
.#.#.##..........@...............
.#.#................#############
.#.#...##.............## #
.#.#...................# #
.#.#...#...............# #
.#..........#..........# #
.#.........##..........##########
.................................


You could see Terence.

Vanquished Creatures
  3 adders (D:2)
  A ball python (D:1)
  A giant cockroach (D:1)
  4 goblins
  4 hobgoblins
  2 jackals (D:2)
  6 kobolds
  A quokka (D:2)
  6 bats
  A giant newt (D:2)
  5 rats
34 creatures vanquished.

Notes
Turn   | Place    | Note
--------------------------------------------------------------
     0 | D:1      | Ilten the Demonspawn Gladiator began the quest for the Orb.
     0 | D:1      | Reached XP level 1. HP: 16/16 MP: 1/1
   395 | D:1      | Gained mutation: You have sharp fingernails. [demonic ancestry]
   395 | D:1      | Reached XP level 2. HP: 22/22 MP: 2/2
   418 | D:1      | Reached skill level 3 in Dodging
   811 | D:2      | Found a sparkling altar of Nemelex Xobeh.
   821 | D:2      | Became a worshipper of Nemelex Xobeh the Trickster
   863 | D:2      | Received a gift from Nemelex Xobeh
  1104 | D:2      | Reached skill level 1 in Armour
  1113 | D:2      | Reached XP level 3. HP: 26/27 MP: 3/3
  1419 | D:2      | Received a gift from Nemelex Xobeh
  1689 | D:2      | Noticed Terence
  1722 | D:2      | Slain by Terence

Skill      XL: |  1  2 |
---------------+-------+-----
Dodging        | 3 |  3.5
Throwing       | 2 |  2.1
Armour         | 1 |  1.4
Fighting       | |  2.0
Long Blades    | |  2.9

Action                   || total
-------------------------++-------
Melee: Long sword        ||    25
       Dagger            ||    92
Throw: Throwing net      ||     8
  Use: Scroll            ||     1
       Potion            ||     1
  Eat: Chunk             ||     1
       Bread ration      ||     1
Armor: Leather armour    ||    35
Dodge: Dodged            ||   101
